[Event "SS Manhem Chess Week 2022: Goteborg Open"]
[Site "Schackcentrum, Vegagatan 20, Gothenburg, Sweden"]
[Date "2022.08.13"]
[Round "5.2"]
[White "Johansson, William"]
[Black "Heimisson, Hilmir Freyr"]
[Result "0-1"]
[TimeControl "15 minutes + 5 seconds per move from move one (Round 1 - 4) / 90 minutes + 30 seconds per move from move one (Round 5 - 8)"]
[BlackTitle "IM"]
[WhiteFideId "1744070"]
[BlackFideId "2309998"]
[WhiteElo "2015"]
[BlackElo "2323"]

1. d4 Nf6 2. Nf3 d5 3. c3 e6 4. Bf4 c5 5. e3 Nc6 6. Nbd2 cxd4 7. exd4 Nh5 8. Bg3 Nxg3 9. hxg3 Bd6 10.
Bd3 h6 11. g4 Qe7 12. Qe2 Bd7 13. Ne5 O-O-O 14. Ndf3 Kb8 15. Nxc6+ Bxc6 16. Ne5 Qc7 17. Nxc6+ Qxc6 18. O-O-O Rc8 19.
Kb1 Rhd8 20. g5 hxg5 21. Rh7 Bf8 22. Qe5+ Rc7 23. Qxg5 Rdc8 24. Rhh1 Qb6 25. Ka1 Qa5 26. Qd2 b5 27.
Qc2 b4 28. Qb3 Ka8 29. cxb4 Bxb4 30. Kb1 Rb8 31. Rc1 Bc3 32. Rh8 Rxh8 33. Rxc3 Rxc3 34. Qxc3 Qxc3 35. bxc3 Rh2 0-1

[Event "SS Manhem Chess Week 2022: Goteborg Open"]
[Site "Schackcentrum, Vegagatan 20, Gothenburg, Sweden"]
[Date "2022.08.13"]
[Round "5.3"]
[White "Rasti, Arvin"]
[Black "Asbrink, Adam"]
[Result "1-0"]
[TimeControl "15 minutes + 5 seconds per move from move one (Round 1 - 4) / 90 minutes + 30 seconds per move from move one (Round 5 - 8)"]
[WhiteFideId "1741160"]
[BlackFideId "1767410"]
[WhiteElo "2156"]
[BlackElo "1977"]

1. d4 d5 2. Nf3 Nf6 3. c4 c6 4. Qc2 dxc4 5. e4 b5 6. b3 cxb3 7. axb3 e6 8. Bd2 a5 9. Bd3 Be7 10.
O-O h6 11. Rc1 Bb7 12. Nc3 Na6 13. Nxb5 cxb5 14. Bxb5+ Kf8 15. Bxa5 Qb8 16. Ne5 Bxe4 17. Nd7+ Nxd7 18. Qxe4 Nf6 19.
Qc6 Kg8 20. Bxa6 Kh7 21. b4 Bxb4 22. Bxb4 Qxb4 23. Bd3+ 1-0

[Event "SS Manhem Chess Week 2022: Goteborg Open"]
[Site "Schackcentrum, Vegagatan 20, Gothenburg, Sweden"]
[Date "2022.08.13"]
[Round "5.4"]
[White "Kasib, Laith"]
[Black "Eriksson, Joel"]
[Result "1-0"]
[TimeControl "15 minutes + 5 seconds per move from move one (Round 1 - 4) / 90 minutes + 30 seconds per move from move one (Round 5 - 8)"]
[WhiteTitle "FM"]
[WhiteFideId "4801059"]
[BlackFideId "1729233"]
[WhiteElo "2051"]
[BlackElo "1949"]

1. d4 f5 2. c4 Nf6 3. g3 e6 4. Bg2 Be7 5. Nc3 O-O 6. Nf3 d6 7. O-O Ne4 8. Qc2 Nxc3 9. Qxc3 Bf6 10.
b4 Qe8 11. Bb2 Nd7 12. c5 e5 13. c6 bxc6 14. Qxc6 Rb8 15. dxe5 dxe5 16. Qxc7 e4 17. Qc4+ Kh8 18. Nd4 Ne5 19.
Qc5 Bd7 20. a3 a5 21. Rfc1 axb4 22. axb4 Qf7 23. Ra7 Rfc8 24. Rc7 Rxc7 25. Qxc7 Rxb4 26. Ba1 Qe8 27. Bh3 Ng4 28. Bxg4 fxg4 29.
Nc2 Bxa1 30. Nxb4 Be5 31. Qc5 h6 32. Nc6 Bf6 33. e3 Qe6 34. Nd4 Qa2 35. Qc2 Qd5 36. Qc4 Qg5 37. Qc5 Qg6 38.
Qd6 Bf5 39. Nxf5 Qxf5 40. Qb8+ Kh7 41. Qb1 Qd5 42. Rd1 Qf5 43. Rd6 Bg5 44. Rd4 1-0

[Event "SS Manhem Chess Week 2022: Goteborg Open"]
[Site "Schackcentrum, Vegagatan 20, Gothenburg, Sweden"]
[Date "2022.08.13"]
[Round "5.5"]
[White "Fransson, Lennart"]
[Black "Pettersson, Anders"]
[Result "1/2-1/2"]
[TimeControl "15 minutes + 5 seconds per move from move one (Round 1 - 4) / 90 minutes + 30 seconds per move from move one (Round 5 - 8)"]
[WhiteFideId "1706756"]
[BlackFideId "1715143"]
[WhiteElo "1958"]
[BlackElo "2042"]

1. c4 e6 2. g3 d5 3. Bg2 Nf6 4. Nf3 c5 5. O-O d4 6. e3 Nc6 7. exd4 cxd4 8. d3 h6 9. Na3 Bc5 10.
Re1 O-O 11. Nc2 Re8 12. a3 a5 13. b3 e5 14. Nd2 Bg4 15. f3 Bh5 16. Rb1 Qd6 17. g4 Bg6 18. Ne4 Bxe4 19. fxe4 Rab8 20.
h4 Nh7 21. g5 hxg5 22. hxg5 Qg6 23. Bh3 Ne7 24. Qg4 b5 25. cxb5 Rxb5 26. b4 axb4 27. axb4 Reb8 28. Bd2 Qc6 29.
Rbc1 Bd6 30. Na3 Qb6 31. Nxb5 Qxb5 32. Qf3 Bxb4 33. Rb1 Qa5 34. Ra1 Qd8 35. Bxb4 Nxg5 36. Qg3 Nxh3+ 37. Qxh3 Rxb4 38.
Rec1 Rb8 39. Ra7 Ng6 40. Qf5 Qf6 41. Rc8+ Rxc8 42. Qxc8+ Nf8 43. Qf5 Qg6+ 44. Kf2 f6 45. Ra8 Qh6 46.
Qe6+ Kh7 47. Rxf8 Qe3+ 48. Kg2 Qe2+ 49. Kh1 1/2-1/2

[Event "SS Manhem Chess Week 2022: Goteborg Open"]
[Site "Schackcentrum, Vegagatan 20, Gothenburg, Sweden"]
[Date "2022.08.13"]
[Round "5.6"]
[White "Ghaderi, Noan"]
[Black "Wahlstrom, Lennart"]
[Result "0-1"]
[TimeControl "15 minutes + 5 seconds per move from move one (Round 1 - 4) / 90 minutes + 30 seconds per move from move one (Round 5 - 8)"]
[WhiteFideId "1747096"]
[BlackFideId "1706829"]
[WhiteElo "1367"]
[BlackElo "2115"]

1. e4 e5 2. Nf3 Nc6 3. d4 exd4 4.
Bc4 Nf6 5. Nxd4 d6 6. Nc3 Be7 7. O-O O-O 8. Re1 Nd7 9. Bf4 Bf6 10. Nxc6 bxc6 11. Qf3 Ne5 12. Bxe5 Bxe5 13. Na4 Bd7 14.
Bb3 Kh8 15. Rad1 f5 16. exf5 Rxf5 17. Qd3 Qf6 18. Re2 Rf8 19. f3 Qh6 20. g3 Rxf3 21. Qd2 Bh3 0-1

[Event "SS Manhem Chess Week 2022: Goteborg Open"]
[Site "Schackcentrum, Vegagatan 20, Gothenburg, Sweden"]
[Date "2022.08.13"]
[Round "5.10"]
[White "Wickstrom, Lars"]
[Black "Hammar, Arvid"]
[Result "1-0"]
[TimeControl "15 minutes + 5 seconds per move from move one (Round 1 - 4) / 90 minutes + 30 seconds per move from move one (Round 5 - 8)"]
[WhiteFideId "1770837"]
[BlackFideId "1735977"]
[WhiteElo "1753"]
[BlackElo "1384"]

1. e4 e5 2. Nf3 Nc6 3. d4 exd4 4. Nxd4 Bc5 5. Be3 Bxd4 6. Bxd4 Nf6 7. e5 Nd5 8. Bc4 Nf4 9. Qg4 g5 10.
Qd1 Nxd4 11. Qxd4 d5 12. exd6 O-O 13. O-O cxd6 14. Nc3 b6 15. Ne4 Nh5 16. Rad1 Qe7 17. Rfe1 Be6 18. Bxe6 fxe6 19.
Qxd6 Qxd6 20. Rxd6 h6 21. Rxe6 Kg7 22. g3 Rae8 23. Nd6 Rxe6 24. Rxe6 a5 25. Nc4 Rc8 26. Ne3 Nf6 27. Rxb6 g4 28. Nf5+ Kh7 29. Rxf6 Rxc2 30. Rxh6+ Kg8 31. Rb6 a4 32.
Ne3 Rc1+ 33. Kg2 Rb1 34. Rb4 a3 35. bxa3 Ra1 36. Rxg4+ 1-0

[Event "SS Manhem Chess Week 2022: Goteborg Open"]
[Site "Schackcentrum, Vegagatan 20, Gothenburg, Sweden"]
[Date "2022.08.13"]
[Round "5.11"]
[White "Imani Lasaki, Hamed"]
[Black "Jonbrink, Per-Olof"]
[Result "1-0"]
[TimeControl "15 minutes + 5 seconds per move from move one (Round 1 - 4) / 90 minutes + 30 seconds per move from move one (Round 5 - 8)"]
[WhiteFideId "1766970"]
[BlackFideId "1720163"]
[WhiteElo "1577"]
[BlackElo "1728"]

1. e4 e6 2. d4 d5 3. e5 c5 4. c3 Nc6 5. Nf3 Bd7 6. Be2 Nge7 7. O-O Ng6 8. Be3 Be7 9. Na3 cxd4 10.
cxd4 a6 11. Nc2 O-O 12. a3 f6 13. Bd3 Be8 14. Qe2 fxe5 15. Bxg6 Bxg6 16. Nxe5 Bxc2 17. Nxc6 bxc6 18. Qxc2 Qb6 19.
Rac1 Rfc8 20. Rfe1 Bd6 21. g3 Rab8 22. Re2 Qc7 23.
Qa4 e5 24. Qxa6 Ra8 25. Qd3 e4 26.
Qc3 Qb6 27. Rec2 Rab8 28. Qd2 Qb5 29. Bf4 Bxf4 30. Qxf4 Qd3 31. Rxc6 Rd8 32. Qe5 Rb7 33. Rc7 Rxc7 34. Rxc7 Qd1+ 35.
Kg2 Qg4 36. Re7 h5 37. Qe6+ 1-0

[Event "SS Manhem Chess Week 2022: Goteborg Open"]
[Site "Schackcentrum, Vegagatan 20, Gothenburg, Sweden"]
[Date "2022.08.13"]
[Round "5.12"]
[White "Al Saab, Ranny"]
[Black "Johansson, Jan"]
[Result "0-1"]
[TimeControl "15 minutes + 5 seconds per move from move one (Round 1 - 4) / 90 minutes + 30 seconds per move from move one (Round 5 - 8)"]
[WhiteFideId "1768360"]
[BlackFideId "1747568"]
[WhiteElo "1516"]
[BlackElo "1666"]

1. e4 c6 2. d4 d5 3. exd5 cxd5 4. Nf3 Bg4 5. Be2 Nf6 6. Nc3 e6 7. h3 Bxf3 8. Bxf3 Nc6 9. Be3 Bd6 10.
Qd2 a6 11. O-O Qc7 12. Rfe1 O-O 13. Bg5 Nd7 14. Bg4 Rfe8 15. Rad1 Nf8 16. a3 Rac8 17. Nxd5 exd5 18. Bxc8 Rxe1+ 19. Rxe1 Qxc8 20. b4 Ne6 21. Be3 b5 22. c3 Ne7 23. Ra1 Qc6 24. Qd3 g6 25. g3 Nf5 26. Kg2 Qc7 27. a4 Bxg3 28. axb5 axb5 29. Ra8+ Kg7 30. Bh6+ Kxh6 31.
fxg3 Kg7 32. Ra5 Nd6 33. h4 h5 34. Kh3 Nc4 35. Rxb5 Qd7 36. Kh2 Qxb5 37. Qc2 Ne3 38. Qd2 Nf1+ 0-1

[Event "SS Manhem Chess Week 2022: Goteborg Open"]
[Site "Schackcentrum, Vegagatan 20, Gothenburg, Sweden"]
[Date "2022.08.13"]
[Round "5.14"]
[White "Mohammed, Safian Haj"]
[Black "Persson, Michael"]
[Result "1-0"]
[TimeControl "15 minutes + 5 seconds per move from move one (Round 1 - 4) / 90 minutes + 30 seconds per move from move one (Round 5 - 8)"]
[WhiteFideId "1729276"]
[BlackFideId "1764179"]
[WhiteElo "1794"]
[BlackElo "1267"]

1. e4 e5 2. Nf3 Nc6 3. Bb5 a6 4. Ba4 Nf6 5. O-O d6 6. Re1 Bd7 7. c3 b5 8. Bb3 Be7 9. d4 O-O 10.
Nbd2 Re8 11. h3 a5 12. Ng5 Rf8 13. Nf1 Qc8 14. Ng3 h6 15. Nf3 Bxh3 16.
gxh3 Qxh3 17. Qe2 Ng4 18. Qf1 Qxf1+ 19. Kxf1 Rac8 20. Bd5 Nd8 21. a4 c6 22. Bb3 Nb7 23. Kg2 Bf6 24. Nh5 Be7 25.
Kg3 Nf6 26. Nxf6+ Bxf6 27. Be3 Rfe8 28. d5 b4 29. dxc6 Rxc6 30. cxb4 axb4 31. a5 Ra6 32. Bb6 Bd8 33. Bc4 Rxa5 34.
Bxa5 Nxa5 35. Bd5 Bc7 36. Rec1 Bb6 37. Ra4 Rb8 38. Rca1 Nb7 39. Rxb4 Nc5 40. Ra8 Rxa8 41. Bxa8 Bc7 42.
Ne1 Ba5 43. Rb8+ Kh7 44. b4 Nxe4+ 45. Bxe4+ 1-0

[Event "SS Manhem Chess Week 2022: Goteborg Open"]
[Site "Schackcentrum, Vegagatan 20, Gothenburg, Sweden"]
[Date "2022.08.13"]
[Round "5.15"]
[White "Eldh, Hjalmar"]
[Black "Andreasson, Leo"]
[Result "1-0"]
[TimeControl "15 minutes + 5 seconds per move from move one (Round 1 - 4) / 90 minutes + 30 seconds per move from move one (Round 5 - 8)"]
[WhiteFideId "1767968"]
[BlackFideId "1768980"]
[WhiteElo "1711"]
[BlackElo "1132"]

1. e4 e6 2. b3 d5 3. Bb2 c5 4. exd5 exd5 5. Nf3 Nd7 6. Bb5 a6 7. Qe2+ Qe7 8. Bd3 Qxe2+ 9. Bxe2 Ngf6 10.
Nc3 Bd6 11. d4 b6 12. O-O O-O 13. Rad1 Bb7 14. Nh4 cxd4 15. Rxd4 Bc5 16. Rd2 Rad8 17. Rfd1 Ne5 18. Nxd5 Bxf2+ 19. Kxf2 Ne4+ 20. Ke1 Nxd2 21. Ne7+ Kh8 22. Rxd2 Rxd2 23. Kxd2 Ng6 24. Nhf5 f6 25. Nxg6+ hxg6 26. Nh4 Rd8+ 27.
Bd3 g5 28. Ng6+ Kg8 29. Ke3 Re8+ 30. Kf2 Be4 31. h4 Bxd3 32. cxd3 Kh7 33. h5 Rc8 34. Bd4 Rc2+ 35. Kf3 Rxa2 36.
Bxb6 Ra3 37. Ke4 Rxb3 38. Bc5 f5+ 39. Kd4 Kg8 40. Ne7+ Kf7 41. Nxf5 Kf6 42. Ne3 Ke6 43. Kc4 Rb1 44.
d4 Re1 45. d5+ Kd7 46. Kd3 a5 47. Bf8 Rh1 48. g4 a4 49. Bxg7 a3 50. Ke4 a2 51. Kf5 a1=Q 52. Bxa1 Rxa1 53.
Kxg5 Ke7 54. Kg6 Ra6+ 55. Kg7 Rf6 56. d6+ Rxd6 57. Nf5+ 1-0

[Event "SS Manhem Chess Week 2022: Goteborg Open"]
[Site "Schackcentrum, Vegagatan 20, Gothenburg, Sweden"]
[Date "2022.08.13"]
[Round "5.16"]
[White "Andreasson, Henrik"]
[Black "Sundin, Sven-Ingvar"]
[Result "0-1"]
[TimeControl "15 minutes + 5 seconds per move from move one (Round 1 - 4) / 90 minutes + 30 seconds per move from move one (Round 5 - 8)"]
[WhiteFideId "1766082"]
[BlackFideId "1724517"]
[WhiteElo "1126"]
[BlackElo "1637"]

1. d4 d5 2. c4 c6 3. Nf3 dxc4 4. e3 b5 5. b3 a5 6. bxc4 b4 7. a3 bxa3 8. Bxa3 Nf6 9. Nc3 g6 10.
Bd3 Bg7 11. h3 O-O 12. O-O Re8 13. Qb3 Qc7 14. Ne5 Nbd7 15. Nf3 e5 16. Bc2 exd4 17. exd4 Nb6 18. Ng5 Be6 19. Nxe6 Rxe6 20.
Rfe1 Rb8 21. Rxe6 fxe6 22. Rb1 Nfd7 23. c5 Nd5 24. Qc4 Kf7 25. Nxd5 exd5 26. Qd3 Rxb1+ 27. Bxb1 Qf4 28. Bb2 Nxc5 29.
dxc5 Bxb2 30. Bc2 Bd4 31. Qe2 Bxc5 32. g3 Qxg3+ 33. Kf1 Qxh3+ 34. Ke1 Bb4+ 0-1

[Event "SS Manhem Chess Week 2022: Goteborg Open"]
[Site "Schackcentrum, Vegagatan 20, Gothenburg, Sweden"]
[Date "2022.08.13"]
[Round "5.19"]
[White "Ghaderi, Jamal"]
[Black "Degerfeldt, Sven"]
[Result "0-1"]
[TimeControl "15 minutes + 5 seconds per move from move one (Round 1 - 4) / 90 minutes + 30 seconds per move from move one (Round 5 - 8)"]
[WhiteFideId "1744178"]
[BlackFideId "1717430"]
[WhiteElo "1411"]
[BlackElo "1842"]

1. c4 c5 2. g3 Nc6 3. Nc3 g6 4. Bg2 Bg7 5. Nf3 d6 6. d3 e5 7. O-O Nge7 8. Bg5 f6 9. Bc1 O-O 10.
b3 Be6 11. Nd2 d5 12. cxd5 Nxd5 13. Bb2 b6 14. Nde4 Qd7 15. Qc2 h6 16. Nd2 Rad8 17. Rfd1 Nd4 0-1

[Event "SS Manhem Chess Week 2022: Goteborg Open"]
[Site "Schackcentrum, Vegagatan 20, Gothenburg, Sweden"]
[Date "2022.08.13"]
[Round "6.2"]
[White "Nygren, Kim"]
[Black "Rasti, Arvin"]
[Result "1/2-1/2"]
[TimeControl "15 minutes + 5 seconds per move from move one (Round 1 - 4) / 90 minutes + 30 seconds per move from move one (Round 5 - 8)"]
[WhiteTitle "CM"]
[WhiteFideId "1706136"]
[BlackFideId "1741160"]
[WhiteElo "2229"]
[BlackElo "2156"]

1. d4 Nf6 2. Bf4 g6 3. e3 Bg7 4. Nf3 O-O 5. Be2 d6 6. O-O Nbd7 7. c4 Qe8 8. Nc3 e5 9. Bg3 Qe7 10.
Rc1 c6 11. b4 Nh5 12. d5 Nxg3 13. hxg3 c5 14. Qa4 cxb4 15. Qxb4 Nc5 16. Nd2 Bd7 17. Nb3 b6 18. Nxc5 bxc5 19.
Qa5 f5 20. Rfe1 Rae8 21. Bd1 Rf7 22. Qxa7 Qf8 1/2-1/2

[Event "SS Manhem Chess Week 2022: Goteborg Open"]
[Site "Schackcentrum, Vegagatan 20, Gothenburg, Sweden"]
[Date "2022.08.13"]
[Round "6.3"]
[White "Wahlstrom, Lennart"]
[Black "Kasib, Laith"]
[Result "0-1"]
[TimeControl "15 minutes + 5 seconds per move from move one (Round 1 - 4) / 90 minutes + 30 seconds per move from move one (Round 5 - 8)"]
[BlackTitle "FM"]
[WhiteFideId "1706829"]
[BlackFideId "4801059"]
[WhiteElo "2115"]
[BlackElo "2051"]

1. e4 c5 2. Nf3 d6 3. d4 cxd4 4. Nxd4 Nf6 5. Nc3 g6 6. Be2 Bg7 7. O-O O-O 8. Kh1 Nc6 9. Nb3 a6 10.
f4 b5 11. Bf3 e5 12. Nd5 exf4 13. Bxf4 Ne5 14. Bxe5 dxe5 15. a4 Be6 16. axb5 Bxd5 17. exd5 e4 18. Be2 axb5 19. Rxa8 Qxa8 20.
c4 bxc4 21. Bxc4 Rc8 22. Qe2 Qa4 23. Nd2 Qb4 24. b3 Re8 25. Qe3 Qd6 26. Qg3 Qxg3 27. hxg3 e3 28. Nf3 Ne4 29. Kh2 Nd6 30.
Re1 Bc3 31. Re2 Kg7 32. Ne1 Re5 33. Nd3 Rh5+ 34. Kg1 Ne4 35. g4 Rh4 36. g3 Nxg3 37. Rxe3 Bd4 38. Kg2 Bxe3 39. Kxg3 Rh1 40.
d6 Bb6 41. Ne5 Rd1 42. Nxf7 Bc5 43. Ng5 Bxd6+ 44. Kf3 h5 45. gxh5 gxh5 46. Ne4 Be7 47. Ng3 h4 48. Nf5+ Kf8 49.
Nxe7 Kxe7 50. Kg4 Rd4+ 51. Kh3 Kf6 52. Be2 Kg5 53. Bc4 Re4 54. Bd5 Re3+ 55. Kh2 Kg4 56. Bc4 h3 57. b4 Rc3 58.
Be6+ Kh4 0-1

[Event "SS Manhem Chess Week 2022: Goteborg Open"]
[Site "Schackcentrum, Vegagatan 20, Gothenburg, Sweden"]
[Date "2022.08.13"]
[Round "6.5"]
[White "Pettersson, Anders"]
[Black "Lindholm, Marcus"]
[Result "1-0"]
[TimeControl "15 minutes + 5 seconds per move from move one (Round 1 - 4) / 90 minutes + 30 seconds per move from move one (Round 5 - 8)"]
[WhiteFideId "1715143"]
[BlackFideId "1743473"]
[WhiteElo "2042"]
[BlackElo "1666"]

1. d4 d5 2. c4 c6 3. Nc3 Nf6 4. Nf3 e6 5. Bg5 dxc4 6. e4 b5 7. e5 h6 8. Bh4 g5 9. Nxg5 hxg5 10.
Bxg5 Nbd7 11. g3 Bb7 12. Bg2 a6 13. O-O Be7 14. exf6 Bxf6 15. Bf4 Nb6 16. Ne4 Be7 17. Qg4 Kd7 18.
Nc5+ Bxc5 19. dxc5 Nd5 20. Bd6 Qg8 21.
Qd4 Qh7 22. h4 Rag8 23. Be5 f6 24. Bxf6 Rg4 25. Qxg4 Nxf6 26. Rad1+ Nd5 1-0

[Event "SS Manhem Chess Week 2022: Goteborg Open"]
[Site "Schackcentrum, Vegagatan 20, Gothenburg, Sweden"]
[Date "2022.08.13"]
[Round "6.6"]
[White "Westlund, Tim"]
[Black "Johansson, William"]
[Result "1/2-1/2"]
[TimeControl "15 minutes + 5 seconds per move from move one (Round 1 - 4) / 90 minutes + 30 seconds per move from move one (Round 5 - 8)"]
[WhiteFideId "1754718"]
[BlackFideId "1744070"]
[WhiteElo "1760"]
[BlackElo "2015"]

1. e4 d6 2. d4 Nf6 3. Nc3 Nbd7 4. Nf3 e5 5. Bc4 Be7 6. O-O c6 7. a3 Qc7 8. Be3 O-O 9. h3 b5 10.
Ba2 a6 11. dxe5 dxe5 12. Qe2 Nc5 13. Nd2 Be6 14. Bxe6 Nxe6 15. Nf3 c5 16. Rad1 Nd4 17. Bxd4 cxd4 18. Na2 Rac8 19. c3 dxc3 20.
Nxc3 Bxa3 21. Nxb5 axb5 22. bxa3 Qb7 23. Nxe5 Rfe8 24. Qb2 Qxe4 25. Rfe1 Qf5 26. Nf3 Ne4 27. Qd4 h6 28. Nh4 Qg5 29.
Rxe4 Red8 30. Nf3 Rxd4 31. Rexd4 Qf6 32. a4 bxa4 33. Rxa4 Rc3 34. Rad4 Qg6 35. Kh2 Rc2 36. R4d2 Rc3 37.
Rd4 Qc2 38. R4d2 Qf5 39. Nd4 Qf4+ 40. Kg1 Rc1 41. Rxc1 Qxd2 42. Rc8+ Kh7 43. Nf3 Qd1+ 44. Kh2 Qe2 45. Kg1 Qd1+ 46.
Kh2 Qf1 47. Rc7 f5 48. Rc5 Qd3 49. Re5 g6 50. Re7+ Kg8 51. Re6 Kh7 52. Rxg6 Qc2 53. Re6 Qxf2 54. Re5 Kg6 55. Re6+ Kg7 56.
Re5 Kf6 57. Rd5 Ke6 58. Re5+ Kf6 59. Rd5 Qb6 60. Rd2 Qc7+ 61. Kg1 Qg3 62. Re2 f4 63. Re8 Qg7 64. Re5 Qa7+ 65. Kh2 Qf2 66. Re8 Qg3+ 67. Kg1 Kf5 68. Re5+ Kf6 1/2-1/2

[Event "SS Manhem Chess Week 2022: Goteborg Open"]
[Site "Schackcentrum, Vegagatan 20, Gothenburg, Sweden"]
[Date "2022.08.13"]
[Round "6.7"]
[White "Asbrink, Adam"]
[Black "Wickstrom, Lars"]
[Result "1-0"]
[TimeControl "15 minutes + 5 seconds per move from move one (Round 1 - 4) / 90 minutes + 30 seconds per move from move one (Round 5 - 8)"]
[WhiteFideId "1767410"]
[BlackFideId "1770837"]
[WhiteElo "1977"]
[BlackElo "1753"]

1. d4 d5 2. Nc3 Bf5 3. f3 Nf6 4. g4 Bg6 5. g5 Ng8 6. e4 e6 7. exd5 exd5 8. Bd3 Bb4 9. f4 Bxc3+ 10. bxc3 Ne7 11. Nf3 Nd7 12. Rb1 O-O 13. Ba3 Re8 14. Kf2 Nf5 15. Re1 Nb6 16. Ne5 f6 17. Nxg6 hxg6 18. Bxf5 gxf5 19.
Qh5 fxg5 20. fxg5 Nd7 21. Rxb7 Re4 22. Rxe4 fxe4 23. Rb5 Nf8 24. Ke1 Qd7 25. Rb3 Qf5 26. c4 Ng6 27. Qe2 Qxg5 28.
Rg3 Qf6 29. Qg4 Nh4 30. cxd5 Nf3+ 31. Ke2 Qxd4 32. Qe6+ Kh7 33. Rh3+ Nh4 34. Rxh4# 1-0

[Event "SS Manhem Chess Week 2022: Goteborg Open"]
[Site "Schackcentrum, Vegagatan 20, Gothenburg, Sweden"]
[Date "2022.08.13"]
[Round "6.8"]
[White "Eriksson, Joel"]
[Black "Imani Lasaki, Hamed"]
[Result "1/2-1/2"]
[TimeControl "15 minutes + 5 seconds per move from move one (Round 1 - 4) / 90 minutes + 30 seconds per move from move one (Round 5 - 8)"]
[WhiteFideId "1729233"]
[BlackFideId "1766970"]
[WhiteElo "1949"]
[BlackElo "1577"]

1. e4 e5 2. Bc4 Bc5 3. Nc3 Nf6 4. f4 d6 5. Nf3 Ng4 6. Qe2 O-O 7. h3 Nf6 8. d3 Nh5 9. Ng5 Ng3 10.
Qf3 Nxh1 11. Qh5 h6 12. Nxf7 Rxf7 13. Bxf7+ Kh8 14. fxe5 Bf2+ 15. Kd1 Qh4 16. Qg6 Nc6 17. Bd5 Ne7 18.
Qf7 Bg3 19. Be3 Bxe5 20. d4 Nxd5 21. Nxd5 Bf6 22. Kd2 Ng3 23. Qe8+ Kh7 24. Nf4 Qg5 25. h4 Qg4 26. h5 Bxd4 27.
Qg6+ Qxg6 28. hxg6+ Kg8 29. Bxd4 Nxe4+ 30. Ke3 Ng3 31. Kf3 Nf5 32. Bc3 Bd7 33. Re1 Re8 34. Rxe8+ Bxe8 35. Ne6 Nh4+ 36.
Kg3 Nf5+ 37. Kf4 Bxg6 38. Nxc7 a6 39. Nd5 Kf7 40. g4 Nh4 41. Ne3 Bh7 42. Kg3 Ng6 43. Nf5 Ne5 44. Nxd6+ Ke6 45.
Nxb7 Bxc2 46. Nc5+ Kd5 47. Nxa6 Bb1 48. a3 g6 1/2-1/2

[Event "SS Manhem Chess Week 2022: Goteborg Open"]
[Site "Schackcentrum, Vegagatan 20, Gothenburg, Sweden"]
[Date "2022.08.13"]
[Round "6.9"]
[White "Johansson, Jan"]
[Black "Ottgard, Andreas"]
[Result "0-1"]
[TimeControl "15 minutes + 5 seconds per move from move one (Round 1 - 4) / 90 minutes + 30 seconds per move from move one (Round 5 - 8)"]
[WhiteFideId "1747568"]
[BlackFideId "1730592"]
[WhiteElo "1666"]
[BlackElo "1883"]

1. d4 Nf6 2. Bf4 c5 3. d5 d6 4. c4 e6 5. Nc3 exd5 6. cxd5 g6 7. e4 Bg7 8. Nf3 O-O 9. h3 Na6 10.
Bd3 Nc7 11. O-O a6 12. a4 Rb8 13. a5 b5 14. axb6 Rxb6 15. Qc2 Nb5 16. Ne2 Nd7 17. Rfe1 Re8 18. Rab1 Ne5 19. Nxe5 Bxe5 20.
Bd2 Rb8 21. Qc4 Bd7 22. Qa2 Nc7 23. f4 Bg7 24. b4 Bb5 25. Bxb5 axb5 26. Qc2 Qe7 27. Ng3 Bd4+ 28. Kh2 Bf2 29.
Re2 Bxg3+ 30. Kxg3 Nxd5 31. bxc5 dxc5 32. Qd3 Nc7 33. Ba5 Ne6 34. Bc3 b4 35. Bb2 g5 36. Be5 Nxf4 37. Bxf4 gxf4+ 38. Kxf4 Qh4+ 39. Kf3 Rb6 40. e5 Rg6 41. Qf5 Rg3+ 42. Kf2 Rg5+ 0-1

[Event "SS Manhem Chess Week 2022: Goteborg Open"]
[Site "Schackcentrum, Vegagatan 20, Gothenburg, Sweden"]
[Date "2022.08.13"]
[Round "6.10"]
[White "Persson, Sebastian"]
[Black "Mohammed, Safian Haj"]
[Result "1/2-1/2"]
[TimeControl "15 minutes + 5 seconds per move from move one (Round 1 - 4) / 90 minutes + 30 seconds per move from move one (Round 5 - 8)"]
[WhiteFideId "1764187"]
[BlackFideId "1729276"]
[WhiteElo "1631"]
[BlackElo "1794"]

1. d4 Nf6 2. c4 e5 3. dxe5 Ng4 4. Nf3 Bc5 5. e3 Nc6 6. Be2 Ngxe5 7. Nxe5 Nxe5 8. a3 a5 9. O-O d6 10.
Qc2 O-O 11. Nd2 Be6 12. b3 f5 13. Nf3 Qe7 14. Bb2 Bd7 15. Nd4 Rae8 16. Qc3 Bb6 17. Rae1 Qf6 18. Bd1 Re7 19. b4 axb4 20.
axb4 c5 21. Nf3 Qg6 22. Nxe5 dxe5 23. b5 Ra8 24. Qb3 h5 25. Bc2 h4 26. h3 Rf8 27. Rd1 Bc8 28. Rd2 Bc7 29. Rfd1 b6 30.
e4 f4 31. Qf3 Be6 32. Bb3 Qf7 33. Rc2 g5 34. Rd3 Qg7 35. Qe2 g4 36. hxg4 Bxg4 37. f3 Be6 38. Kf1 h3 39. gxh3 Bxh3+ 40. Ke1 Rf6 41. Kd2 Rg6 42. Kc3 Rg2 43. Qd1 Rg1 44. Qd2 Rg2 45. Qd1 Rg1 46. Qd2 Qf8 47. Qh2 Rg3 48. Rf2 Qa8 49.
Rd1 Qa5+ 50. Kc2 Qa8 51. Qh1 Reg7 52. Rh2 Qc8 53. Bc3 Qe6 54. Ra1 Qh6 55. Kb2 Rg2+ 56. Bc2 Rxh2 57. Qxh2 Rg3 58. Ra8+ Kf7 59. Qe2 Qd6 60. Qd1 Ke7 61. Rh8 Qxd1 62. Bxd1 Be6 63. Rh7+ Kd8 64. Rh8+ Ke7 65.
Rh7+ Bf7 66. Rh2 Bxc4 67. Rh5 Kf6 68. Rh6+ Kg7 69. Rc6 Bd8 70. Bxe5+ Kf7 1/2-1/2

[Event "SS Manhem Chess Week 2022: Goteborg Open"]
[Site "Schackcentrum, Vegagatan 20, Gothenburg, Sweden"]
[Date "2022.08.13"]
[Round "6.13"]
[White "Sundin, Sven-Ingvar"]
[Black "Ghaderi, Noan"]
[Result "1-0"]
[TimeControl "15 minutes + 5 seconds per move from move one (Round 1 - 4) / 90 minutes + 30 seconds per move from move one (Round 5 - 8)"]
[WhiteFideId "1724517"]
[BlackFideId "1747096"]
[WhiteElo "1637"]
[BlackElo "1367"]

1. e4 c6 2. d4 d5 3. e5 Bf5 4. h4 h6 5. g4 Bd7 6. Bd3 e6 7. Nf3 Be7 8. Bf4 Na6 9. c3 c5 10.
a3 c4 11. Bc2 Nc7 12. Nbd2 a6 13. Ke2 Bc6 14. Qg1 Kd7 15. h5 f6 16. Bg6 Kc8 17. Qg3 b5 18. exf6 Nxf6 19. Ne5 Be8 20.
Nf7 Bxf7 21. Bxf7 Nfe8 22. Nf3 Rf8 23.
Ne5 Bd6 24. Bg6 Nf6 25. f3 Kb7 26. Bc2 Nd7 27. Be3 Ne8 28. f4 Nxe5 29. dxe5 Bc7 30. a4 Qd7 31. b3 Bb8 32. bxc4 bxc4 33.
Rab1+ Kc8 34. Rb2 Ba7 35. Rhb1 Rf7 36. a5 Qc6 37. Bg6 Re7 38. Qf2 Bxe3 39. Qxe3 Nc7 40. Rb6 Qa4 41. Qc5 Rd7 42.
Rxe6 1-0